 Dungeon Crawl Stone Soup version 0.22.1-2-g9c5b331383 (webtiles) character file.

8701 McIrco the Blocker (level 11, -2/58 HPs)
             Began as a Vine Stalker Fighter on Jan 5, 2019.
             Was an Elder of Okawaru.
             Killed by nerve-wracking pain
             ... invoked by a tormentor
              (8 damage)
             ... on level 2 of the Abyss.
             The game lasted 00:21:54 (8137 turns).

McIrco the Blocker (Vine Stalker Fighter)           Turns: 8137, Time: 00:21:55

Health: -2/58      AC: 18    Str: 20    XL:     11   Next: 35%
Magic:  0/12       EV:  5    Int:  8    God:    Okawaru [****..]
Gold:   914        SH: 14    Dex: 16    Spells: 10/10 levels left

rFire    + . .     SeeInvis .   v - +3 flail (protect)
rCold    . . .     Gourm    .   c - +1 shield
rNeg     . . .     Faith    .   A - +0 plate armour
rPois    .         Spirit   +   (no helmet)
rElec    .         Reflect  .   (no cloak)
rCorr    .         Harm     .   (no gloves)
MR       +....                  o - +0 pair of boots (curse)
Stlth    ..........             (no amulet)
HPRegen  0.59/turn              n - +5 ring of protection
MPRegen  0.13/turn              p - ring of protection from fire

@: no status effects
A: fangs 3, regeneration 1, magic shield, antimagic bite, no potion heal 3, rot
immunity
a: Heroism, Renounce Religion


You were on level 2 of the Abyss.
You worshipped Okawaru.
Okawaru was greatly pleased with you.
You were not hungry.

You visited 3 branches of the dungeon, and saw 12 of its levels.
You visited the Abyss 1 time.

You collected 914 gold pieces.

Inventory:

Hand Weapons
 v - a +3 flail of protection (weapon)
 x - a +1 long sword of holy wrath
 H - a +2 falchion of protection
Armour
 c - a +1 shield (worn)
 o - a cursed +0 pair of boots (worn)
 A - a +0 plate armour (worn)
Jewellery
 b - an uncursed ring of resist corrosion
 n - a +5 ring of protection (left hand)
 p - a ring of protection from fire (right hand)
 J - an uncursed amulet of harm
Wands
 y - a wand of digging (16)
 G - a wand of paralysis (15)
Scrolls
 a - a scroll of blinking
 e - 2 scrolls of identify
 g - 4 scrolls of remove curse
 i - a scroll of random uselessness
 j - 3 scrolls of amnesia
 s - 2 scrolls of teleportation
 t - a scroll of immolation
 w - a scroll of brand weapon {unknown}
 C - a scroll of fear
 K - a scroll of holy word {unknown}
Potions
 d - a potion of might
 h - a potion of brilliance
 k - 5 potions of curing
 l - a potion of magic
 m - a potion of mutation
 q - 5 potions of heal wounds
 r - 2 potions of lignification
 u - a potion of ambrosia
 z - a potion of agility
 B - 2 potions of cancellation
 D - a potion of flight
 E - 2 potions of haste
 F - a potion of resistance {unknown}
 I - a potion of degeneration {unknown}
Comestibles
 f - 19 rations


   Skills:
 * Level 7.2 Fighting
 - Level 1.7 Long Blades
 + Level 5.3 Armour
 + Level 13.3 Shields


You had 10 spell levels left.
You didn't know any spells.
Your spell library contained the following spells:

 Spells                   Type           Power        Failure   Level  Hunger
 Beastly Appendage        Tmut           #.....       100%        1    ##.....
 Confusing Touch          Hex            #.....       100%        1    ##.....
 Magic Dart               Conj           #...         100%        1    ##.....
 Searing Ray              Conj           #.....       100%        2    ###....
 Sticks to Snakes         Tmut           #.......     100%        2    ###....
 Confuse                  Hex            #.......     100%        3    ####...
 Dazzling Spray           Conj/Hex       #.....       100%        3    ####...
 Gell's Gravitas          Tloc           #.........   100%        3    ####...
 Spider Form              Tmut/Pois      #.........   100%        3    ####...
 Force Lance              Conj/Tloc      #.......     100%        4    #####..
 Fulminant Prism          Conj/Hex       #.........   100%        4    #####..
 Ice Form                 Ice/Tmut       #.......     100%        4    #####..
 Iskenderun's Mystic Bla  Conj           #.......     100%        4    #####..
 Petrify                  Tmut/Erth      #.......     100%        4    #####..
 Blade Hands              Tmut           #.........   100%        5    ######.
 Metabolic Englaciation   Hex/Ice        #.........   100%        5    ######.
 Yara's Violent Unravell  Hex/Tmut       #.........   100%        5    ######.


Dungeon Overview and Level Annotations

Branches:
Dungeon (10/15)            Temple (1/1) D:6            Lair (0/6) D:10
    Orc (1/2) D:9

Altars:
Ashenzari
Cheibriados
Dithmenos
Elyvilon
Fedhas
Gozag
Hepliaklqana
Kikubaaqudgha
Makhleb
Nemelex Xobeh
Okawaru
Qazlal
Ru
Sif Muna
Trog
Uskayaw
Vehumet
Wu Jian
Xom
Yredelemnul
Zin
The Shining One
Beogh

Annotations:
D:10 Psyche


Innate Abilities, Weirdness & Mutations

You have razor-sharp teeth.
Your natural rate of healing is unusually fast.
When hurt, damage is shared between your health and your magic reserves.
Your bite disrupts and absorbs the magic of your enemies.
Potions cannot restore your health.
You are immune to rotting.


Message History

Your body is wracked with pain!
* * * LOW HITPOINT WARNING * * *
The tormentor grins malevolently.
The tormentor gestures at you. You resist with some effort.
The crimson imp blinks!
You block the tormentor's attack. x2
The crimson imp blinks!
The tormentor hits you but does no damage.
You block the tormentor's attack.
The tormentor calls on the powers of darkness!
Your body is wracked with pain!
* * * LOW HITPOINT WARNING * * *
The tormentor calls on the powers of darkness!
Your body is wracked with pain!
* * * LOW HITPOINT WARNING * * *
The crimson imp shouts, "Slither away, thou droning wibble-sucking The crimson imp blinks!
The tormentor gestures at you. Pain shoots through your body!
You die...

###.##..#
#....#..#
#.5..#..#### .
#.....X....# .#
#....#.##### ...
#....X##..# ...
#....#2#.## ..
#...♣...#.#.##
#....#...@...#
#....#.#.#.#.....
#. . ####### .#.
#... #... #...


You could see a large abomination, a tormentor and a crimson imp.

Vanquished Creatures
  Pikel (D:6)
  A necromancer (D:9)
  A cyclops (D:10)
  4 hippogriffs
  7 yaks
  A wyvern (D:8)
  A human (D:7)
  3 hogs (D:7)
  A hungry ghost (D:9)
  2 black bears
  4 orc warriors
  Duvessa (D:5)
  2 ice beasts
  3 sky beasts (D:7)
  5 phantoms
  5 ogres
  A centaur (D:9)
  A big kobold (D:10)
  4 bullfrogs
  Dowan (D:5)
  2 water moccasin skeletons
  3 scorpions
  8 killer bees
  3 howler monkeys (D:8)
  6 crimson imps
  2 hounds
  A bullfrog zombie (D:10)
  5 orc priests
  2 jellies
  A bullfrog skeleton (D:5)
  3 centaur skeletons
  An iron imp (D:6)
  5 iguanas
  9 orc wizards
  3 worker ants
  4 yak simulacra (D:9)
  Terence (D:2)
  A killer bee zombie (D:8)
  4 wolf simulacra (D:9)
  A hound skeleton (D:8)
  2 worker ant zombies
  A howler monkey zombie (D:7)
  16 adders
  3 shadow imps
  An adder zombie (D:7)
  7 worms
  4 dart slugs
  3 leopard geckos
  59 orcs
  5 giant cockroaches
  9 goblins
  4 hobgoblins
  15 jackals
  8 quokkas
  10 bats
  6 frilled lizards
  16 kobolds
  A leopard gecko skeleton (D:4)
  A quokka skeleton (D:4)
  5 rats
  3 river rat simulacra (D:9)
  A spectral orc (D:8)
294 creatures vanquished.

Vanquished Creatures (others)
  A phantom (D:6)
1 creature vanquished.

Grand Total: 295 creatures vanquished

Notes
Turn   | Place    | Note
-------+----------+-------------------------------------------
     0 | D:1      | McIrco the Vine Stalker Fighter began the quest for the
                  | Orb.
     0 | D:1      | Reached XP level 1. HP: 11/11 MP: 2/2
    23 | D:1      | Reached skill level 3 in Shields
   271 | D:1      | Reached XP level 2. HP: 15/16 MP: 1/3
   647 | D:1      | Reached XP level 3. HP: 19/19 MP: 4/4
   842 | D:2      | Found an opulent altar of Gozag.
   886 | D:2      | Reached skill level 4 in Shields
   921 | D:2      | Noticed Terence
   925 | D:2      | Gained mutation: Your natural rate of healing is unusually
                  | fast. [Vine Stalker growth]
   925 | D:2      | Reached XP level 4. HP: 23/23 MP: 5/5
   932 | D:2      | Killed Terence
  1244 | D:2      | Reached skill level 5 in Shields
  1441 | D:3      | Reached XP level 5. HP: 27/27 MP: 6/6
  2630 | D:4      | Noticed an ogre
  2639 | D:4      | Killed an ogre
  2639 | D:4      | Reached skill level 6 in Shields
  2639 | D:4      | Reached XP level 6. HP: 4/32 MP: 1/7
  2714 | D:4      | Found a blossoming altar of Fedhas.
  3114 | D:5      | Entered Level 5 of the Dungeon
  3127 | D:5      | Reached skill level 7 in Shields
  3127 | D:5      | Reached XP level 7. HP: 34/35 MP: 6/8
  3256 | D:5      | Found a radiant altar of Vehumet.
  3276 | D:5      | Noticed Duvessa
  3276 | D:5      | Noticed Dowan
  3283 | D:5      | Killed Duvessa
  3287 | D:5      | Reached skill level 8 in Shields
  3294 | D:5      | Killed Dowan
  3294 | D:5      | Gained mutation: You have razor-sharp teeth. [Vine Stalker
                  | growth]
  3294 | D:5      | Reached XP level 8. HP: 38/39 MP: 9/9
  3452 | D:5      | Found a shadowy altar of Dithmenos.
  3463 | D:5      | Found a stormy altar of Qazlal.
  3532 | D:5      | Reached skill level 9 in Shields
  3916 | D:6      | Found a snail-covered altar of Cheibriados.
  4040 | D:6      | Found a staircase to the Ecumenical Temple.
  4088 | Temple   | Entered the Ecumenical Temple
  4118 | Temple   | Became a worshipper of Warmaster Okawaru
  4360 | D:6      | Noticed Pikel
  4384 | D:6      | Killed Pikel
  4384 | D:6      | Reached * piety under Okawaru
  4384 | D:6      | Reached skill level 10 in Shields
  4384 | D:6      | Reached XP level 9. HP: 21/43 MP: 3/10
  4870 | D:7      | Reached skill level 11 in Shields
  5424 | D:7      | Reached ** piety under Okawaru
  5550 | D:8      | Reached XP level 10. HP: 49/49 MP: 11/11
  5581 | D:8      | Reached skill level 12 in Shields
  5665 | D:8      | Reached *** piety under Okawaru
  5668 | D:8      | Reached skill level 5 in Fighting
  6089 | D:8      | Found a basalt altar of Yredelemnul.
  6539 | D:9      | Reached **** piety under Okawaru
  6695 | D:9      | Found a staircase to the Orcish Mines.
  6790 | D:9      | Noticed a necromancer
  6803 | D:9      | Killed a necromancer
  6803 | D:9      | Reached XP level 11. HP: 58/58 MP: 12/12
  6826 | D:9      | Reached skill level 13 in Shields
  6997 | D:9      | Reached skill level 5 in Armour
  7197 | Orc:1    | Entered Level 1 of the Orcish Mines
  7215 | Orc:1    | Noticed an orc knight
  7274 | D:10     | Entered Level 10 of the Dungeon
  7425 | D:10     | Found a staircase to the Lair.
  7533 | D:10     | Noticed a cyclops
  7553 | D:10     | Killed a cyclops
  7778 | D:10     | Noticed Psyche
  7896 | D:10     | Found a roughly hewn altar of Beogh.
  8058 | D:10     | Cast into level 2 of the Abyss (Psyche)
  8125 | Abyss:2  | Noticed a large abomination
  8137 | Abyss:2  | Killed from afar by a tormentor

Skill      XL: |  1  2  3  4  5  6  7  8  9 10 11 |
---------------+----------------------------------+-----
Shields        | 3 4 5 6 7 8 10 11 12 13 | 13.3
Fighting       | 4 6 7 |  7.2
Armour         | 3 4 5 |  5.3
Long Blades    | |  1.7

Action                   |  1- 3 |  4- 6 |  7- 9 | 10-12 || total
-------------------------+-------+-------+-------+-------++-------
Melee: Long sword        |    88 |     6 |       |       ||    94
       Bite              |    18 |    44 |   107 |   201 ||   370
       Falchion          |       |    58 |       |       ||    58
       Flail             |       |    81 |   334 |   546 ||   961
  Use: Potion            |       |       |     2 |     1 ||     3
       Scroll            |       |       |       |    22 ||    22
  Eat: Chunk             |       |     3 |     6 |     9 ||    18
       Ration            |       |     1 |     1 |     1 ||     3
Armor: Scale mail        |    48 |    95 |    50 |       ||   193
       Plate armour      |       |       |   205 |   438 ||   643
Dodge: Dodged            |    28 |    59 |    77 |   122 ||   286
Block: Shield            |    65 |   105 |   200 |   517 ||   887
       Rpst.: Long sword |     6 |       |       |       ||     6
       Falchion          |       |     9 |       |       ||     9
